 Dungeon Crawl Stone Soup version 0.20-a0-537-g052e6ba (webtiles) character file.

16083 polly the Basher (level 12, -4/73 HPs)
             Began as a Gargoyle Fighter on Jan 28, 2017.
             Was the Champion of Okawaru.
             Slain by Snorg (14 damage)
             ... on level 12 of the Dungeon.
             The game lasted 00:23:10 (11285 turns).

polly the Basher (Gargoyle Fighter)                Turns: 11285, Time: 00:23:11

Health: -4/73      AC: 32    Str: 34    XL:     12   Next: 33%
Magic:  12/12      EV:  9    Int:  8    God:    Okawaru [******]
Gold:   840        SH: 13    Dex:  9    Spells: 11/11 levels left

rFire    + . .     SeeInvis .   Q - +4 morningstar
rCold    + . .     Gourm    .   Y - +1 plate armour "Cilocw" {rF+}
rNeg     + . .     Faith    .   c - +0 shield
rPois    ∞         Spirit   .   w - +0 helmet
rElec    +         Reflect  .   G - +0 cloak
rCorr    .         Harm     .   N - +1 pair of gloves {Str+3}
MR       .....                  T - +2 pair of boots
Stlth    ..........             (no amulet)
Regen    0.3/turn               (no ring)
                                C - ring of protection from cold

@: mighty
A: negative energy resistance 1, electricity resistance, unbreathing,
petrification resistance, rot immunity, AC +8
a: Heroism, Finesse, Renounce Religion


You were on level 12 of the Dungeon.
You worshipped Okawaru.
Okawaru was exalted by your worship.
You were hungry.

You visited 2 branches of the dungeon, and saw 13 of its levels.
You also visited: Bailey.

You collected 840 gold pieces.

Inventory:

Hand Weapons
 Q - a +4 morningstar (weapon)
Armour
 c - a +0 shield (worn)
 w - a +0 helmet (worn)
 G - a +0 cloak (worn)
 N - a +1 pair of gloves of strength (worn)
 T - a +2 pair of boots (worn)
 Y - the +1 plate armour "Cilocw" (worn) {rF+}
   (You found it in a bailey)

   It protects you from fire.
Jewellery
 C - a ring of protection from cold (left hand)
Wands
 u - a wand of random effects (2/48)
 y - a wand of digging (11/24)
 K - a wand of flame (26/48)
 M - a wand of enslavement (15/24)
 P - a wand of confusion (32/48)
Scrolls
 e - a scroll of amnesia {unknown}
 g - 2 scrolls of enchant weapon {unknown}
 k - 9 scrolls of identify
 m - 2 scrolls of immolation {unknown}
 p - 2 scrolls of remove curse
 q - 3 scrolls of random uselessness
 s - 3 scrolls of magic mapping
 v - 6 scrolls of teleportation {unknown}
 B - a scroll of noise {unknown}
 H - 3 scrolls of fog {unknown}
 J - 4 scrolls of recharging {unknown}
 L - 2 scrolls of enchant armour {unknown}
 O - a scroll of blinking {unknown}
 R - 2 scrolls of summoning {unknown}
 V - a scroll of acquirement
Potions
 a - 3 potions of curing
 h - a potion of mutation {unknown}
 j - a potion of beneficial mutation {unknown}
 l - a potion of agility {unknown}
 n - 2 potions of haste {unknown}
 o - 2 potions of berserk rage {unknown}
 r - 2 potions of degeneration {unknown}
 x - a potion of heal wounds {unknown}
 z - 4 potions of cancellation {unknown}
 A - 3 potions of lignification {unknown}
 D - 6 potions of flight {unknown}
 E - 2 potions of resistance {unknown}
 I - a potion of brilliance {unknown}
Books
 b - a book of Misfortune

   Spells                             Type                      Level
   a - Confusing Touch                Hexes                        1
   b - Confuse                        Hexes                        3
   c - Gell's Gravitas                Hexes/Translocation          3
   d - Petrify                        Transmutation/Earth          4
   e - Metabolic Englaciation         Hexes/Ice                    5
   f - Yara's Violent Unravelling     Hexes/Transmutation          5
 F - a book of Conjurations

   Spells                             Type                      Level
   a - Magic Dart                     Conjuration                  1
   b - Searing Ray                    Conjuration                  2
   c - Dazzling Spray                 Conjuration/Hexes            3
   d - Fulminant Prism                Conjuration/Hexes            4
   e - Iskenderun's Mystic Blast      Conjuration                  4
   f - Iskenderun's Battlesphere      Conjuration/Charms           5
 U - a book of Flames

   Spells                             Type                      Level
   a - Flame Tongue                   Conjuration/Fire             1
   b - Throw Flame                    Conjuration/Fire             2
   c - Conjure Flame                  Conjuration/Fire             3
   d - Inner Flame                    Hexes/Fire                   3
   e - Sticky Flame                   Conjuration/Fire             4
   f - Fireball                       Conjuration/Fire             5
 W - a book of Frost

   Spells                             Type                      Level
   a - Freeze                         Ice                          1
   b - Throw Frost                    Conjuration/Ice              2
   c - Ozocubu's Armour               Charms/Ice                   3
   d - Throw Icicle                   Conjuration/Ice              4
   e - Summon Ice Beast               Ice/Summoning                4
Comestibles
 f - 8 bread rations
 i - 3 royal jellies
 t - 10 meat rations
 X - 2 fruits


   Skills:
 + Level 8.1 Fighting
 + Level 12.6 Maces & Flails
 + Level 9.7 Armour
 + Level 3.5 Dodging
 - Level 0.8 Stealth
 + Level 11.1 Shields


You had 11 spell levels left.
You didn't know any spells.

Dungeon Overview and Level Annotations

Branches:
Dungeon (12/15)            Temple (1/1) D:4            Lair (0/6) D:9
    Orc (0/2) D:11

Altars:
Ashenzari
Cheibriados
Dithmenos
Elyvilon
Fedhas
Gozag
Hepliaklqana
Kikubaaqudgha
Makhleb
Nemelex Xobeh
Okawaru
Qazlal
Ru
Sif Muna
Trog
Uskayaw
Vehumet
Xom
Yredelemnul
Zin
The Shining One

Shops:
D:5 !

Annotations:
D:12 Snorg


Innate Abilities, Weirdness & Mutations

You are resistant to torment.
Your stone body is resilient. (AC +8)
You are immune to poison.
You resist negative energy. (rN+)
You are resistant to electric shocks. (rElec)
You can survive without breathing.
You are immune to petrification.
You are immune to rotting.


Message History

You block Snorg's attack. Snorg claws you but does no damage.
You block Snorg's attack. Snorg bites you! Snorg claws you!
* * * LOW HITPOINT WARNING * * *
Snorg claws you but does no damage.
You feel better. Snorg barely misses you. You block Snorg's attack.
Snorg claws you!
* * * LOW HITPOINT WARNING * * *
The worker ant waves its antennae.
You feel better. Snorg bites you but does no damage.
Snorg claws you but does no damage. You block Snorg's attack. x3
Snorg closely misses you.
You feel better. Snorg barely misses you. Snorg closely misses you. x2
You bludgeon Snorg!!
Snorg is heavily wounded.
Snorg bites you but does no damage. You block Snorg's attack. Snorg claws you!
* * * LOW HITPOINT WARNING * * *
Snorg bites you.
* * * LOW HITPOINT WARNING * * *
Snorg claws you!
You die...

#....##....##...##...
#....##.... #'### ...
#....+.)... ... ...
#....#.... .... ..
#....#... .....
#....# ##....#
#.....# #####
#....@##....##.
#.....TOa......
########.......
....... ?.%....
....... .......
..<###. ####


You could see Snorg (berserk), a two-headed ogre and a worker ant.

Vanquished Creatures
  A hydra (D:12)
  4 two-headed ogres
  An unseen horror (D:12)
  The ghost of Thatgoblin the Transmogrifier, a novice OgTm (Bailey)
  2 ugly things (D:12)
  2 orc knights (Bailey)
  A deep elf mage (D:12)
  2 orc sorcerers (Bailey)
  A centaur zombie (D:12)
  2 gargoyles (D:12)
  3 centaur skeletons
  A merfolk (D:11)
  A troll (D:10)
  4 hippogriffs
  Sigmund (D:6)
  A wyvern (D:10)
  Menkaure (D:7)
  A hungry ghost (D:7)
  A water moccasin (D:9)
  3 sky beasts
  14 orc warriors
  3 black bears
  2 ice beasts
  An eye of draining (D:12)
  2 phantoms
  3 ogres
  Blork the orc (D:6)
  11 bullfrogs
  A wyvern zombie (D:8)
  A scorpion (D:8)
  A water moccasin skeleton (D:8)
  3 killer bees (D:8)
  2 electric eels (Bailey)
  8 wights
  4 howler monkeys
  5 crimson imps
  A bullfrog zombie (D:5)
  4 jellies
  5 hounds
  7 orc wizards
  4 orc priests
  Crazy Yiuf (D:6)
  2 iguanas
  9 worker ants
  A killer bee zombie (D:5)
  A hound skeleton (D:11)
  Robin (D:3)
  A howler monkey skeleton (D:7)
  8 adders
  8 gnolls
  2 shadow imps
  An ooze (D:3)
  2 adder zombies
  4 worms
  7 dart slugs
  6 leopard geckos
  35 orcs
  3 ball pythons
  6 giant cockroaches
  36 goblins
  18 hobgoblins
  7 jackals
  3 quokkas
  11 bats
  3 frilled lizards
  13 kobolds
  A leopard gecko skeleton (D:5)
  12 rats
319 creatures vanquished.

Vanquished Creatures (others)
  An orc wizard (D:4)
  A goblin (Bailey)
2 creatures vanquished.

Grand Total: 321 creatures vanquished

Notes
Turn   | Place    | Note
-------+----------+-------------------------------------------
     0 | D:1      | polly the Gargoyle Fighter began the quest for the Orb.
     0 | D:1      | Reached XP level 1. HP: 14/14 MP: 1/1
   132 | D:1      | Reached XP level 2. HP: 10/19 MP: 2/2
   460 | D:1      | Reached XP level 3. HP: 23/23 MP: 3/3
  1317 | D:2      | Reached XP level 4. HP: 28/28 MP: 4/4
  1352 | D:2      | Reached skill level 3 in Maces & Flails
  1984 | D:3      | Reached XP level 5. HP: 33/33 MP: 5/5
  2069 | D:3      | Noticed Robin
  2107 | D:3      | Killed Robin
  2107 | D:3      | Reached skill level 4 in Maces & Flails
  2637 | D:3      | Reached skill level 1 in Dodging
  2705 | D:3      | Reached XP level 6. HP: 32/38 MP: 6/6
  2993 | D:4      | Reached skill level 5 in Maces & Flails
  3024 | D:4      | Found a staircase to the Ecumenical Temple.
  3063 | D:4      | Reached skill level 5 in Shields
  3063 | D:4      | Reached XP level 7. HP: 21/43 MP: 7/7
  3089 | Temple   | Entered the Ecumenical Temple
  3165 | Temple   | Became a worshipper of Warmaster Okawaru
  3667 | D:5      | Entered Level 5 of the Dungeon
  3846 | D:5      | Found Cojaf's Distillery.
  4074 | D:5      | Reached * piety under Okawaru
  4303 | D:5      | Reached skill level 6 in Maces & Flails
  4311 | D:5      | Found a deep blue altar of Sif Muna.
  4545 | D:6      | Noticed Blork the orc
  4552 | D:6      | Killed Blork the orc
  4552 | D:6      | Reached skill level 5 in Armour
  4552 | D:6      | Reached XP level 8. HP: 42/48 MP: 8/8
  4911 | D:6      | Noticed Sigmund
  5160 | D:6      | Killed Sigmund
  5370 | D:6      | Found a runed door.
  5374 | D:6      | Noticed Crazy Yiuf
  5381 | D:6      | Killed Crazy Yiuf
  5450 | D:7      | Reached ** piety under Okawaru
  5689 | D:7      | Noticed Menkaure
  5699 | D:7      | Killed Menkaure
  5699 | D:7      | Reached skill level 7 in Maces & Flails
  5699 | D:7      | Reached XP level 9. HP: 16/52 MP: 9/9
  6370 | D:8      | Reached skill level 8 in Maces & Flails
  6407 | D:8      | Noticed a two-headed ogre
  6418 | D:8      | Killed a two-headed ogre
  6418 | D:8      | Reached *** piety under Okawaru
  6418 | D:8      | Reached skill level 5 in Fighting
  6743 | D:8      | Reached XP level 10. HP: 59/59 MP: 10/10
  6764 | D:8      | Reached **** piety under Okawaru
  6764 | D:8      | Reached skill level 9 in Maces & Flails
  7016 | D:9      | Found a staircase to the Lair.
  7731 | D:10     | Entered Level 10 of the Dungeon
  8068 | D:10     | Reached skill level 10 in Maces & Flails
  8123 | D:10     | Reached ***** piety under Okawaru
  8517 | D:11     | Noticed a two-headed ogre
  8525 | D:11     | Killed a two-headed ogre
  8525 | D:11     | Received a gift from Okawaru
  8525 | D:11     | Reached XP level 11. HP: 66/66 MP: 11/11
  8639 | D:11     | Reached skill level 10 in Shields
  8670 | D:11     | Reached skill level 11 in Maces & Flails
  8721 | D:11     | Found a flagged portal.
  8733 | Bailey   | Entered a bailey
  8735 | Bailey   | Noticed Thatgoblin's ghost (novice OgTm)
  8752 | Bailey   | Killed Thatgoblin's ghost
  9154 | Bailey   | Found an iron altar of Okawaru.
  9154 | Bailey   | Noticed an orc sorcerer
  9154 | Bailey   | Noticed an orc sorcerer
  9158 | Bailey   | Noticed a sixfirhy
  9173 | Bailey   | Killed an orc sorcerer
  9177 | Bailey   | Killed an orc sorcerer
  9626 | Bailey   | Noticed an orc knight
  9645 | Bailey   | Killed an orc knight
  9789 | Bailey   | Got a polished plate armour
  9800 | Bailey   | Identified the +1 plate armour "Cilocw" {rF+} (You found it in a bailey)
  9825 | Bailey   | Noticed an orc knight
  9840 | Bailey   | Killed an orc knight
 10238 | D:11     | Found a staircase to the Orcish Mines.
 10298 | D:12     | Noticed a cyan ugly thing
 10305 | D:12     | Received a gift from Okawaru
 10317 | D:12     | Killed a cyan ugly thing
 10320 | D:12     | Got an encrusted flail {god gift}
 10326 | D:12     | Identified the +7 flail "Hunta" {antimagic, *Drain rPois rC+ Dex+3} (Okawaru gifted it to you on level 12 of the Dungeon)
 10354 | D:12     | Noticed a cyan ugly thing
 10364 | D:12     | Killed a cyan ugly thing
 10364 | D:12     | Reached skill level 12 in Maces & Flails
 10545 | D:12     | Killed an unseen horror
 10718 | D:12     | Reached XP level 12. HP: 56/73 MP: 3/12
 10749 | D:12     | Noticed an eight-headed hydra
 10750 | D:12     | Noticed a two-headed ogre
 10758 | D:12     | Killed a two-headed ogre
 10758 | D:12     | Reached ****** piety under Okawaru
 10764 | D:12     | Killed an eight-headed hydra
 11077 | D:12     | Received a gift from Okawaru
 11265 | D:12     | Noticed a two-headed ogre
 11266 | D:12     | Noticed Snorg
 11267 | D:12     | Noticed a two-headed ogre
 11271 | D:12     | Killed a two-headed ogre
 11285 | D:12     | Slain by Snorg

Vault maps used:
D:1:      dpeg_cavernosity, grunt_decor_fettered, minmay_crystal_water
D:2:      minmay_diamond_boxcup, minmay_tetromino_l4
D:3:      first_bread, st_stairs_4, uniq_robin
D:4:      minmay_temple_entry_crystal_x
D:5:      serial_shops, nicolae_shop_stone, minmay_misc_feat_ornament,
          minmay_holes, kennysheep_nondescript, tgw_sif
D:6:      uniq_blork_the_orc, uniq_crazy_yiuf_cottage, uniq_sigmund
D:7:      serial_glass, glass_columns_c, glass_columns_b, uniq_menkaure
D:9:      lair_entry_dummy
D:11:     david_orc_4, enter_bailey_3, hangedman_fish_farm,
          grunt_decor_mini_mirrors
D:12:     uniq_snorg
Temple:   roderic_octagonal_lattice_temple
Bailey:   bailey_axe_of_yendor_kennysheep, bailey

Skill      XL: |  1  2  3  4  5  6  7  8  9 10 11 12 |
---------------+-------------------------------------+-----
Maces & Flails | 3 4 5 6 7 8 10 12 | 12.6
Shields        | 4 5 7 8 9 10 11 | 11.1
Armour         | 4 5 6 7 8 9 |  9.7
Dodging        | 1 2 3 |  3.5
Fighting       | 4 5 6 7 8 |  8.1
Stealth        | |  0.8

Action                   |  1- 3 |  4- 6 |  7- 9 | 10-12 || total
-------------------------+-------+-------+-------+-------++-------
Melee: Flail             |   110 |   293 |   363 |   248 ||  1014
       Unarmed           |       |       |     2 |       ||     2
       Morningstar       |       |       |       |   385 ||   385
  Use: Scroll            |       |     3 |     3 |     1 ||     7
       Potion            |       |       |     1 |     6 ||     7
  Eat: Chunk             |     1 |     7 |     8 |    13 ||    29
       Royal jelly       |       |       |     2 |     1 ||     3
       Fruit             |       |       |     2 |       ||     2
Armor: Scale mail        |    74 |   239 |    25 |       ||   338
       Chain mail        |       |       |   134 |       ||   134
       Skin              |       |       |     2 |       ||     2
       Plate armour      |       |       |    84 |   499 ||   583
Dodge: Dodged            |    30 |   118 |   116 |   164 ||   428
Block: Shield            |    58 |   213 |   228 |   364 ||   863
